 Dungeon Crawl Stone Soup version 0.20.1-1-g8b1a95d (webtiles) character file.

2874 polve the Carver (level 9, -1/62 HPs)
             Began as a Tengu Berserker on Aug 4, 2017.
             Was an Elder of Trog.
             Slain by a hornet (5 damage)
             ... while paralysed by a hornet
             ... on level 8 of the Dungeon.
             The game lasted 00:09:08 (8726 turns).

polve the Carver (Tengu Berserker)                  Turns: 8726, Time: 00:09:09

Health: -1/62      AC:  8    Str: 20    XL:     9   Next: 76%
Magic:  10/10      EV:  2    Int:  9    God:    Trog [****..]
Gold:   459        SH:  0    Dex: 17    Spells: 8/8 levels left

rFire    . . .     SeeInvis .   b - +0 long sword
rCold    . . .     Gourm    .   (no shield)
rNeg     + . .     Faith    .   w - +0 scale mail
rPois    .         Spirit   .   s - +2 hat
rElec    .         Reflect  +   (no cloak)
rCorr    .         Harm     .   (no gloves)
MR       +....                  (boots unavailable)
Stlth    ..........             G - +3 amulet of reflection
Regen    0.2/turn               E - ring of positive energy
MPRegen  0.2/turn               h - +5 ring of evasion

@: paralysed, lethally poisoned (-1 -> -20), berserk cooldown, slowed
A: beak, talons 3, clever 1, magic resistance 1, strong 1, able to fly 1
a: Fly, Berserk, Trog's Hand, Brothers in Arms, Burn Spellbooks, Renounce
Religion


You were on level 8 of the Dungeon.
You worshipped Trog.
Trog was greatly pleased with you.
You were not hungry.

You visited 1 branch of the dungeon, and saw 8 of its levels.
You also visited: Sewer.

You collected 459 gold pieces.

Inventory:

Hand Weapons
 b - a +0 long sword (weapon)
 x - a +0 great sword
Armour
 s - a +2 hat (worn)
 w - a +0 scale mail (worn)
Jewellery
 h - a +5 ring of evasion (right hand)
 E - a ring of positive energy (left hand)
 G - a +3 amulet of reflection (around neck)
Wands
 D - a wand of acid (6/15)
Scrolls
 d - a scroll of blinking {unknown}
 i - 8 scrolls of identify {unknown}
 j - a scroll of fear {unknown}
 k - a scroll of random uselessness {unknown}
 m - 5 scrolls of magic mapping {unknown}
 o - 6 scrolls of recharging {unknown}
 p - 3 scrolls of teleportation
 q - 2 scrolls of enchant armour {unknown}
 u - a scroll of immolation {unknown}
 v - 3 scrolls of enchant weapon {unknown}
 y - 2 scrolls of remove curse {unknown}
 B - a scroll of torment {unknown}
Potions
 a - a potion of brilliance {unknown}
 f - a potion of haste
 g - 6 potions of flight
 l - 3 potions of curing
 n - a potion of heal wounds
 A - a potion of ambrosia {unknown}
 C - a potion of magic {unknown}
Books
 z - a book of Frost

   Spells                             Type                      Level
   a - Freeze                         Ice                          1
   b - Throw Frost                    Conjuration/Ice              2
   c - Ozocubu's Armour               Charms/Ice                   3
   d - Throw Icicle                   Conjuration/Ice              4
   e - Summon Ice Beast               Ice/Summoning                4
   Trog disapproves of the use of such an item.
Comestibles
 c - 8 bread rations
 e - 13 fruits
 r - a royal jelly
 t - 5 meat rations
 F - 3 chunks of flesh


   Skills:
 + Level 9.9 Fighting
 + Level 10.5 Long Blades
 - Level 2.1 Armour
 - Level 2.1 Dodging


You had 8 spell levels left.
You didn't know any spells.

Dungeon Overview and Level Annotations

Branches:
Dungeon (8/15)             Temple (0/1) D:7
   Lair: D:8-11

Altars:
Dithmenos


Innate Abilities, Weirdness & Mutations

You have a beak for a mouth.
You have claws for feet.
You can fly.
Your mind is acute. (Int +2)
You are resistant to hostile enchantments. (MR+)
Your muscles are strong. (Str +2)


Message History

The orc priest shouts!
The orc hits you with a whip of freezing.
The orc freezes you.
You hit the hornet. You claw the hornet, but do no damage.
The hornet is lightly wounded.
The hornet stings you!
You are poisoned.
You suddenly lose the ability to move!
The hornet stings you!
You are more poisoned.
You feel yourself slow down. The orc hits you but does no damage.
You feel yourself speed up.
You feel sick. The hornet stings you!
* * * LOW HITPOINT WARNING * * *
You are lethally poisoned!
You shrug off the repeated paralysis!
The orc hits you but does no damage.
* * * LOW HITPOINT WARNING * * *
You feel sick. The hornet stings you!
* * * LOW HITPOINT WARNING * * *
You feel yourself slow down. The hornet stings you.
You die...

..... . . ...# .. . #..#
... . ##... .$.. .######
...###+###o....
.#....###.#..#...o......
...(......#..#..@o......
...##.#####......y...$..
#)#.........#...........
#.#.#..#..#.#...........
..#.#.......#.......[...
########....#...(.......
<#####....####..........
.........## ..>........
#....#...# .......


You could see a hornet, an orc priest and 2 orcs.

Vanquished Creatures
  A two-headed ogre (D:8)
  2 hungry ghosts
  An ice beast (D:6)
  A sky beast (D:7)
  2 ogres
  A phantom (D:6)
  A centaur (D:5)
  4 bullfrogs
  2 scorpions
  The ghost of heybroken the Skirmisher, a weakling HOMo (D:3)
  3 jellies
  A wight (D:5)
  A howler monkey (D:5)
  4 crimson imps
  A centaur zombie (D:7)
  An orc priest (D:4)
  A bullfrog skeleton (D:4)
  4 orc wizards
  An iguana (D:5)
  A merfolk siren (Sewer)
  3 worker ants
  A merfolk avatar (Sewer)
  A hound skeleton (D:8)
  A howler monkey zombie (D:7)
  7 gnolls
  2 river rats (Sewer)
  6 adders
  A shadow imp (D:5)
  2 oozes (D:1)
  4 worms
  4 dart slugs
  5 leopard geckos
  14 orcs
  4 bats
  10 giant cockroaches
  9 hobgoblins
  3 jackals (D:3)
  4 quokkas
  8 ball pythons
  9 frilled lizards
  A giant cockroach zombie (D:6)
  10 goblins
  A jackal zombie (D:5)
  9 kobolds
  25 rats
178 creatures vanquished.

Vanquished Creatures (collateral kills)
  3 wights (D:5)
3 creatures vanquished.

Grand Total: 181 creatures vanquished

Notes
Turn   | Place    | Note
-------+----------+-------------------------------------------
     0 | D:1      | polve the Tengu Berserker began the quest for the Orb.
     0 | D:1      | Reached XP level 1. HP: 14/14 MP: 2/2
   236 | D:1      | Reached XP level 2. HP: 19/19 MP: 3/3
   621 | D:1      | Reached XP level 3. HP: 10/23 MP: 4/4
   980 | D:1      | Reached ** piety under Trog
  1022 | D:1      | Reached skill level 4 in Long Blades
  1513 | D:2      | Found a shadowy altar of Dithmenos.
  1536 | D:2      | Reached XP level 4. HP: 29/29 MP: 5/5
  3065 | D:3      | Noticed heybroken's ghost (weakling HOMo)
  3076 | D:3      | Killed heybroken's ghost
  3076 | D:3      | Reached skill level 5 in Long Blades
  3076 | D:3      | Gained mutation: You can fly. [Tengu growth]
  3076 | D:3      | Reached XP level 5. HP: 34/34 MP: 6/6
  3925 | D:4      | Reached skill level 5 in Fighting
  3931 | D:4      | Reached XP level 6. HP: 40/40 MP: 7/7
  4538 | D:4      | Reached skill level 6 in Long Blades
  4795 | D:4      | Reached *** piety under Trog
  4801 | D:4      | Reached XP level 7. HP: 46/46 MP: 8/8
  4932 | D:5      | Entered Level 5 of the Dungeon
  5105 | D:5      | Found a glowing drain.
  5114 | Sewer    | Entered a sewer
  6199 | D:5      | Reached skill level 7 in Long Blades
  6386 | D:5      | Reached **** piety under Trog
  6468 | D:5      | Reached XP level 8. HP: 52/53 MP: 9/9
  6961 | D:6      | Reached skill level 8 in Long Blades
  7367 | D:6      | Reached skill level 9 in Long Blades
  7880 | D:7      | Reached XP level 9. HP: 60/60 MP: 10/10
  8019 | D:7      | Gained mutation: Scrolls take you a little longer to read. [mutagenic meat]
  8020 | D:7      | Gained mutation: You are occasionally teleported next to monsters. [mutagenic meat]
  8024 | D:7      | Lost mutation: Scrolls take you a little longer to read. [potion of mutation]
  8024 | D:7      | Lost mutation: You are occasionally teleported next to monsters. [potion of mutation]
  8024 | D:7      | Gained mutation: You are resistant to hostile enchantments. (MR+) [potion of mutation]
  8024 | D:7      | Gained mutation: Your mind is acute. (Int +2) [potion of mutation]
  8024 | D:7      | Gained mutation: Your muscles are strong. (Str +2) [potion of mutation]
  8173 | D:7      | Found a staircase to the Ecumenical Temple.
  8668 | D:8      | Noticed a two-headed ogre
  8675 | D:8      | Killed a two-headed ogre
  8675 | D:8      | Reached skill level 10 in Long Blades
  8721 | D:8      | Noticed a hornet
  8724 | D:8      | Paralysed by a hornet for 3 turns
  8726 | D:8      | Slain by a hornet

Skill      XL: |  1  2  3  4  5  6  7  8  9 |
---------------+----------------------------+-----
Long Blades    | 4 5 6 7 9 10 | 10.5
Fighting       | 4 5 6 7 8 9 |  9.9
Armour         | |  2.1
Dodging        | |  2.1

Action                   |  1- 3 |  4- 6 |  7- 9 || total
-------------------------+-------+-------+-------++-------
Melee: Falchion          |    57 |   126 |   239 ||   422
       Peck              |     9 |    25 |    51 ||    85
       Kick              |    24 |    44 |   108 ||   176
       Long sword        |       |       |    32 ||    32
Invok: Berserk           |       |     5 |     7 ||    12
       Brothers in Arms  |       |       |     1 ||     1
 Abil: Fly               |       |       |     1 ||     1
  Use: Potion            |       |       |     4 ||     4
 Stab: Sleeping          |     1 |     2 |       ||     3
  Eat: Chunk             |     2 |    14 |    22 ||    38
       Fruit             |       |       |     4 ||     4
Armor: Animal skin       |     1 |       |       ||     1
       Leather armour    |    10 |     8 |       ||    18
       Scale mail        |       |    13 |    82 ||    95
Dodge: Dodged            |    38 |    47 |   147 ||   232
Block: Other             |       |     6 |    17 ||    23
       Rpst.: Falchion   |    14 |    16 |    35 ||    65
       Long sword        |       |       |     4 ||     4
